 Dungeon Crawl Stone Soup version 0.21.1-1-g345015f (webtiles) character file.

1625 sking99 the Spear-Bearer (level 8, -2/57 HPs)
             Began as a Merfolk Skald on June 26, 2018.
             Was an Initiate of Yredelemnul.
             Slain by Joseph
             ... wielding a +0 quarterstaff
              (11 damage)
             ... on level 7 of the Dungeon.
             The game lasted 00:34:12 (8722 turns).

sking99 the Spear-Bearer (Merfolk Skald)            Turns: 8722, Time: 00:34:13

Health: -2/57      AC:  3    Str: 12    XL:     8   Next: 97%
Magic:  0/12       EV: 13    Int: 14    God:    Yredelemnul [......]
Gold:   372        SH:  0    Dex: 13    Spells: 2/13 levels left

rFire    . . .     SeeInvis .   a - +1 spear
rCold    . . .     Gourm    +   (no shield)
rNeg     + . .     Faith    .   E - +0 leather armour
rPois    .         Spirit   .   (no helmet)
rElec    .         Reflect  .   (no cloak)
rCorr    .         Harm     .   (no gloves)
MR       .....                  (no boots)
Stlth    +.........             s - amulet of the gourmand
HPRegen  1.19/turn              m - ring of positive energy
MPRegen  0.13/turn              (no ring)

@: infused, regenerating (expiring)
A: change form in water, swift swim, stealthy swim
a: Renounce Religion


You were on level 7 of the Dungeon.
You worshipped Yredelemnul.
Yredelemnul was noncommittal.
You were not hungry.

You visited 1 branch of the dungeon, and saw 7 of its levels.
You also visited: Ossuary.

You collected 372 gold pieces.

Inventory:

Hand Weapons
 a - a +1 spear (weapon)
Missiles
 q - a throwing net (quivered)
Armour
 b - a +1 leather armour
 D - a +0 large shield
 E - a +0 leather armour (worn)
Jewellery
 m - a ring of positive energy (left hand)
 p - an uncursed amulet of inaccuracy
 s - an amulet of the gourmand (around neck)
Wands
 e - a wand of iceblast (10)
Scrolls
 f - 3 scrolls of remove curse
 n - 4 scrolls of teleportation
 r - a scroll of enchant armour
 x - a scroll of amnesia
Potions
 g - a potion of berserk rage
 h - 2 potions of flight
 i - 4 potions of curing
 j - a potion of might
 l - 3 potions of degeneration
 o - a potion of haste {unknown}
 u - 3 potions of brilliance
 v - a potion of agility
 w - 2 potions of mutation
 z - a potion of lignification {unknown}
 A - 2 potions of heal wounds
Books
 c - a book of Battle

   Spells                             Type                      Level
   a - Infusion                       Charms                       1
   b - Shroud of Golubria             Charms/Translocation         2
   c - Song of Slaying                Charms                       2
   d - Spectral Weapon                Hexes/Charms                 3
   e - Regeneration                   Charms/Necromancy            3
 y - a book of Conjurations

   Spells                             Type                      Level
   a - Magic Dart                     Conjuration                  1
   b - Searing Ray                    Conjuration                  2
   c - Dazzling Spray                 Conjuration/Hexes            3
   d - Fulminant Prism                Conjuration/Hexes            4
   e - Force Lance                    Conjuration/Translocation    4
   f - Iskenderun's Mystic Blast      Conjuration                  4
Comestibles
 d - 8 rations


   Skills:
 - Level 2.4 Fighting
 * Level 11.8 Polearms
 - Level 0.6 Armour
 + Level 3.8 Dodging
 - Level 3.0 Spellcasting
 - Level 2.0 Hexes
 - Level 7.0 Charms
 - Level 1.0 Translocations


You had 2 spell levels left.
You knew the following spells:

 Your Spells              Type           Power        Failure   Level  Hunger
a - Infusion              Chrm           ###.         1%          1    #......
b - Song of Slaying       Chrm           ###.....     2%          2    ##.....
c - Shroud of Golubria    Chrm/Tloc      ##........   8%          2    ##.....
d - Spectral Weapon       Hex/Chrm       ##......     13%         3    ###....
e - Regeneration          Chrm/Necr      ##........   19%         3    ###....


Dungeon Overview and Level Annotations

Branches:
Dungeon (7/15)             Temple (0/1) D:7

Altars:
Hepliaklqana
Trog
Yredelemnul

Annotations:
D:5 RottenKnight's ghost, amateur MfSu
D:7 Joseph


Message History

Your spectral weapon hits Joseph from afar.
You hit Joseph.
Joseph is severely wounded.
Your spectral weapon hits Joseph from afar.
Joseph shoots a sling bullet.
The sling bullet barely misses you.
The sling bullet barely misses your spectral weapon.
You hit Joseph but do no damage.
Joseph is severely wounded.
Your spectral weapon hits Joseph from afar.
You barely miss Joseph.
Joseph is severely wounded.
Your spectral weapon hits Joseph from afar.
You hit Joseph.
Joseph is almost dead.
Your spectral weapon hits Joseph but does no damage.
Joseph unwields an uncursed hunting sling of freezing.
Joseph wields an uncursed quarterstaff.
Joseph hits you with an uncursed quarterstaff!
You die...
Your body rises from the dead as a mindless zombie.

.#......#......
......#.#......
.............
#....#.....
#....#...#
#........#
#........####
#........@..#
##....##(@##.#
#....#######.#
#.#### #(# #.#
#.'...>.. #.#
###...... #.#
...@.. #.#
#####
#.########
#.#......#


You could see Joseph and a friendly spectral spear.

Vanquished Creatures
  A water moccasin (D:5)
  2 sky beasts (D:6)
  A necrophage (D:7)
  2 phantoms
  An ogre (D:5)
  A centaur (D:5)
  2 bullfrogs
  A scorpion (D:7)
  A quasit (D:7)
  2 crimson imps
  2 orc priests (D:6)
  2 orc wizards (D:6)
  A bullfrog skeleton (D:5)
  An iguana (D:6)
  3 worker ants
  A hound zombie (D:5)
  12 mummies
  2 howler monkey zombies
  9 adders
  A shadow imp (D:5)
  An adder skeleton (D:5)
  A worm (D:2)
  4 dart slugs
  A leopard gecko (D:1)
  8 orcs
  6 giant cockroaches
  7 goblins
  4 hobgoblins
  9 jackals
  2 quokkas
  2 ball pythons
  8 bats
  A frilled lizard (D:2)
  A gnoll skeleton (Ossuary)
  2 goblin skeletons (Ossuary)
  A hobgoblin zombie (D:4)
  11 kobolds
  A kobold skeleton (Ossuary)
  A leopard gecko zombie (D:5)
  4 orc skeletons (Ossuary)
  An orc zombie (D:4)
  4 rats
  11 rat skeletons (Ossuary)
139 creatures vanquished.

Vanquished Creatures (others)
  A black bear (D:7)
  A mummy (Ossuary)
  A spectral weapon (D:5)
3 creatures vanquished.

Grand Total: 142 creatures vanquished

Notes
Turn   | Place    | Note
-------+----------+-------------------------------------------
     0 | D:1      | sking99 the Merfolk Skald began the quest for the Orb.
     0 | D:1      | Reached XP level 1. HP: 16/16 MP: 3/3
   187 | D:1      | Reached XP level 2. HP: 22/22 MP: 1/5
   691 | D:1      | Learned a level 2 spell: Song of Slaying
   694 | D:1      | Learned a level 2 spell: Shroud of Golubria
   785 | D:2      | Reached XP level 3. HP: 21/28 MP: 0/6
  1020 | D:2      | Reached XP level 4. HP: 21/34 MP: 0/7
  2126 | D:3      | Reached XP level 5. HP: 33/39 MP: 4/9
  2200 | D:3      | Reached skill level 5 in Charms
  2623 | D:4      | Found a sand-covered staircase.
  2784 | Ossuary  | Entered an ossuary
  2816 | Ossuary  | Reached skill level 4 in Polearms
  2950 | Ossuary  | Learned a level 3 spell: Spectral Weapon
  3380 | Ossuary  | Reached XP level 6. HP: 18/46 MP: 4/10
  3587 | Ossuary  | Reached skill level 1 in Translocations
  3654 | Ossuary  | Reached skill level 1 in Hexes
  4436 | D:4      | Noticed a phantom
  4525 | D:4      | Killed a phantom
  4525 | D:4      | Reached XP level 7. HP: 22/51 MP: 5/11
  4883 | D:5      | Entered Level 5 of the Dungeon
  5234 | D:5      | Reached skill level 5 in Polearms
  5252 | D:5      | Noticed RottenKnight's ghost (amateur MfSu)
  5401 | D:5      | Reached skill level 6 in Polearms
  6091 | D:5      | Found a basalt altar of Yredelemnul.
  6096 | D:5      | Found a hazy altar of Hepliaklqana.
  6101 | D:5      | Became a worshipper of Yredelemnul the Dark
  6120 | D:5      | Reached skill level 7 in Polearms
  6759 | D:5      | Reached skill level 8 in Polearms
  6759 | D:5      | Reached XP level 8. HP: 50/57 MP: 0/12
  6899 | D:5      | Reached skill level 9 in Polearms
  7217 | D:6      | Reached skill level 10 in Polearms
  7539 | D:6      | Reached skill level 11 in Polearms
  8103 | D:6      | Learned a level 3 spell: Regeneration
  8172 | D:6      | Found a bloodstained altar of Trog.
  8694 | D:7      | Found a staircase to the Ecumenical Temple.
  8694 | D:7      | Noticed Joseph
  8722 | D:7      | Slain by Joseph

Skill      XL: |  1  2  3  4  5  6  7  8 |
---------------+-------------------------+-----
Dodging        | 3 |  3.8
Charms         | 4 5 6 7 |  7.0
Polearms       | 4 8 11 | 11.8
Spellcasting   | 3 |  3.0
Translocations | 1 |  1.0
Hexes          | 2 |  2.0
Fighting       | |  2.4
Armour         | |  0.6

Action                   |  1- 3 |  4- 6 |  7- 9 || total
-------------------------+-------+-------+-------++-------
Melee: Spear             |    89 |   355 |   308 ||   752
 Cast: Infusion          |    15 |    38 |    22 ||    75
       Song of Slaying   |       |     4 |       ||     4
       Shroud of Golubri |       |     4 |    14 ||    18
       Spectral Weapon   |       |       |    13 ||    13
       Regeneration      |       |       |     1 ||     1
  Use: Scroll            |       |    10 |    13 ||    23
       Potion            |       |       |     1 ||     1
 Stab: Sleeping          |       |       |     1 ||     1
  Eat: Chunk             |     1 |    11 |    14 ||    26
       Ration            |       |     1 |     1 ||     2
Armor: Leather armour    |    18 |    30 |    68 ||   116
Dodge: Dodged            |    25 |   119 |   171 ||   315
